cohdb
Replays
Latest Replays
All Replays
Popular Replays
Top Player Replays
Match Explorer
How It Works
Community
CoH3 Stats
Reddit
Sign in to upload your games and track your stats! →
Sign in with Steam
Match 43863888
Unlisted
Match 43863888
Overview
Messages
Build Orders
End
Construct Infanterie Kompanie
Pioneer Squad
Kettenkrad Recon Vehicle
MG 42 Machine Gun Team
Grenadier Squad
Grenadier Squad
Selects Breakthrough Battlegroup
Selects Assault Grenadiers
Construct Luftwaffe Kompanie
Jäger Squad
Support Elements
Flak 30 Anti-aircraft Gun Team
Wirbelwind Flakpanzer
Marder III M Tank Destroyer
Pioneer Squad
MG 42 Machine Gun Team
Selects Breakthrough
Selects Incendiary Bombing Run
Selects Rapid Production
Selects Blitzkrieg
Incendiary Bombing Run
Breakthrough
Incendiary Bombing Run
Wirbelwind Flakpanzer
Pioneer Squad
Grenadier Squad
Grenadier Squad
Marder III M Tank Destroyer
Jäger Squad
Pioneer Squad
Incendiary Bombing Run
Medical Station
Marder III M Tank Destroyer
Breakthrough
Selects Tiger Heavy Tank
ßoo
Tactical Nuclear Cow
swag.malafat
salvatore
0
0
Comments
sign in to comment!
No comments posted yet!